 Dungeon Crawl Stone Soup version 0.17.0-28-g6e173f8 (webtiles) character file.

227216 Beldrama the Skullcrusher (level 19, -3/107 HPs)
             Began as a Gargoyle Fighter on Nov 26, 2015.
             Was a High Priest of Okawaru.
             Slain by an ettin
             ... wielding a cursed -2 dire flail
              (40 damage)
             ... on level 14 of the Dungeon.
             The game lasted 03:39:04 (42064 turns).

Beldrama the Skullcrusher (Gargoyle Fighter)       Turns: 42064, Time: 03:39:04

Health: -3/107     AC: 52    Str: 27    XL:     19   Next: 38%
Magic:  19/19      EV:  6    Int:  8    God:    Okawaru [*****.]
Gold:   4137       SH:  0    Dex:  9    Spells: 0 memorised, 18 levels left

rFire  + + +     SeeInvis +     g - +0 great mace (vamp)
rCold  + . .     Clarity  .     Q - +7 crystal plate armour
rNeg   + + +     SustAt   .     (shield currently unavailable)
rPois  ∞         Gourm    .     O - +0 hat of Bautwuf {rF++ SInv}
rElec  +         Spirit   .     h - +1 cloak {MR+}
rCorr  .         Warding  +     j - +2 pair of gloves
rMut   .         Stasis   .     r - +0 pair of boots of the Pleiades {rF+ MR+}
MR     +++..                    A - amulet of warding
Stlth  ..........               H - +6 ring of slaying
                                E - ring of Laroloh {rF+ rC+ rN++ Int-2}

@: about to teleport, flying, extremely resistant to hostile enchantments,
extremely unstealthy
A: big wings, negative energy resistance 1, electricity resistance, unbreathing,
petrification resistance, rot immunity, AC +13
a: Stop Flying, Heroism, Finesse, Renounce Religion
}: 1/15 runes: decaying


You were on level 14 of the Dungeon.
You worshipped Okawaru.
Okawaru was extremely pleased with you.
You were full.

You visited 7 branches of the dungeon, and saw 36 of its levels.
You also visited: Labyrinth and Ice Cave.

You collected 4625 gold pieces.
You spent 488 gold pieces at shops.

Inventory:

Hand Weapons
 g - a +0 vampiric great mace (weapon)
Armour
 h - a +1 cloak of magic resistance (worn)
 j - a +2 pair of gloves (worn)
 r - the +0 pair of boots of the Pleiades (worn) {rF+ MR+}
   (Okawaru gifted it to you on level 3 of the Swamp)

   It protects you from fire.
   It affects your resistance to hostile enchantments.
 O - the +0 hat of Bautwuf (worn) {rF++ SInv}
   (You found it on level 1 of the Orcish Mines)

   It greatly protects you from fire.
   It lets you see invisible.
 Q - a +7 crystal plate armour (worn)
Jewellery
 b - the ring of the Wild Haggis {rF+ Dex+3 Slay+2 Stlth+}
   (You found it on level 3 of the Elven Halls)

   [ring of slaying]

   It affects your dexterity (+3).
   It affects your accuracy and damage with ranged weapons and melee attacks
   (+2).
   It protects you from fire.
   It makes you more stealthy.
 c - an uncursed amulet of resist mutation
 f - the ring of Neseph {-Tele rF+ rC+ MP+9 Dex+4}
   (You found it in an ice cave)

   [ring of protection from cold]

   It affects your dexterity (+4).
   It protects you from fire.
   It protects you from cold.
   It affects your magic capacity (+9).
   It prevents most forms of teleportation.
 n - the amulet of the Four Winds {Clar rN+ MR+++}
   (You took it off a deep elf annihilator on level 3 of the Elven Halls)

   [amulet of clarity]

   It provides mental clarity.
   It protects you from negative energy.
   It affects your resistance to hostile enchantments.
 A - an amulet of warding (around neck)
 E - the ring of Laroloh (left hand) {rF+ rC+ rN++ Int-2}
   (You found it on level 14 of the Dungeon)

   [ring of protection from cold]

   It affects your intelligence (-2).
   It protects you from fire.
   It protects you from cold.
   It greatly protects you from negative energy.
 H - a +6 ring of slaying (right hand)
Wands
 s - a wand of hasting (1)
 v - a wand of fireball (9)
 x - a wand of fireball (4)
 C - a wand of fire (6)
 K - a wand of digging (6)
 R - a wand of fireball (7)
 W - a wand of lightning (5)
 Y - a wand of lightning (2)
Scrolls
 a - 6 scrolls of magic mapping
 k - 17 scrolls of remove curse
 m - 6 scrolls of enchant weapon
 p - 4 scrolls of teleportation
 u - a scroll of blinking
 y - 2 scrolls of fog
 D - a scroll of enchant armour
 F - 2 scrolls of holy word
 I - 6 scrolls of fear
 P - 2 scrolls of identify
Potions
 o - 5 potions of curing
 q - 2 potions of agility
 J - a potion of cancellation
 S - 2 potions of heal wounds
 Z - 2 potions of resistance
Miscellaneous
 z - a stone of tremors
 V - a phantom mirror
Comestibles
 d - 20 meat rations
 e - 23 bread rations


   Skills:
 + Level 7.7 Fighting
 O Level 27 Maces & Flails
 * Level 15.1 Armour
   Level 3.2 Shields
 - Level 1.0 Invocations


You had 18 spell levels left.
You didn't know any spells.

Dungeon Overview and Level Annotations

Branches:
Dungeon (15/15)            Temple (1/1) D:5            Lair (8/8) D:11
  Swamp (4/4) Lair:4        Snake (0/4) Lair:3        Slime (0/6) Lair:6
    Orc (4/4) D:12            Elf (3/3) Orc:4        Vaults (1/5) D:14
 Depths (0/5) D:15

Altars:
Ashenzari
Cheibriados
Dithmenos
Elyvilon
Fedhas
Gozag
Kikubaaqudgha
Makhleb
Nemelex Xobeh
Okawaru
Qazlal
Ru
Sif Muna
Trog
Vehumet
Xom
Yredelemnul
Zin
The Shining One
Beogh

Shops:
D:5 *   D:14 }   Orc:4 [([(   Elf:1 [   Elf:2 :![

Portals:
Trove: D:14 (give 5 scrolls of blinking)

Annotations:
D:7 Dowan


Innate Abilities, Weirdness & Mutations

You are resistant to torment.
Your stone body is resilient (AC +13).
You are immune to poison.
Your large and strong wings let you fly indefinitely.
You resist negative energy.
You are resistant to electric shocks.
You can survive without breathing.
You are immune to petrification.
You are immune to rotting.


Message History

You fly up through the gate.
Welcome back to the Dungeon!
There is a gate to the Vaults here.
Unknown command.
You bludgeon the ettin!!
You feel better.
The ettin is moderately wounded.
The ettin barely misses you. The ettin closely misses you.
You thump the ettin!
The ettin is heavily wounded.
The ironheart preserver hits you with a great mace of draining!
The ettin hits you with a dire flail!! The ettin hits you but does no damage.
The ogre hits you but does no damage.
You barely miss the ettin.
The ettin is heavily wounded.
The ironheart preserver gestures wildly while chanting.
The ironheart preserver begins to accept its allies' injuries.
Read which item? (? for menu, Esc to quit)
As you read the scroll of teleportation, it crumbles to dust.
You feel strangely unstable. The ettin hits you with a dire flail!!
The ettin hits you with a dire flail!!!
You die...

▒∙▒▒▒▒▒∙∙▒▒▒▒▒▒∙▒▒▒▒▒∙▒
▒∙∙∙∙∙∙∙∙∙∙∙∙(∙∙∙∙∙∙∙∙∙
▒∙∙∙∙∙∙∙∙▒▒▒▒▒∙∙∙▒▒▒▒∙∙ ▒▒▒
▒∙∙∙∙∙∙∙∙∙∙∙∙∙∙∙∙▒▒ ▒∙∙
▒∙▒▒▒▒▒▒▒▒▒∙▒▒▒▒▒▒▒▒▒▒∙∙∙∙∙∙▒ ▒∙∙
∙▒∙∙∙∙∙∙∙∙∙∙▒∙∙∙∙∙∙∙∙▒∙∙∙∙∙∙▒▒▒∙∙
▒∙▒▒▒▒▒▒▒▒▒∙▒∙∙▒▒▒▒▒∙▒∙∙∙∙∙∙∙▒▒▒∙
▒∙▒ ▒∙▒∙∙▒CO)▒∙▒∙∙∙∙∙)>∙∙∙∙ ▒∙▒
▒∙▒∙∙▒@p∙'∙▒∙∙∙∙∙∙∙∙▒▒( ▒∙▒
▒∙▒∙∙▒▒▒▒▒▒▒∙▒∙▒▒▒∙∙∙∙∙ ▒∙▒
▒∙▒∙∙∙∙∙∙∙∙∙∙▒▒∙▒∙∙∙▒▒▒ ▒∙▒
▒∙▒▒▒▒▒∙(∙▒▒∙∙∙∙∙▒∙∙▒ ▒∙▒
▒∙)∙∙(∙∙∙∙∙∙∙∙∙∙∙▒∙∙▒
▒∙▒▒▒▒▒▒▒▒▒∙∙∙∙∙∙▒∙▒▒∙∙▒▒∙▒∙∙∙▒
▒∙∙∙∙∙∙∙∙∙∙∙∙∙∙∙∙∙∙∙▒∙▒▒▒∙▒∙▒∙▒
▒▒▒▒▒▒▒▒▒▒∙>∙∙∙∙∙∙▒∙▒∙▒ ▒∙▒∙▒∙▒
▒∙∙∙∙∙∙∙∙∙∙∙∙∙∙∙∙∙▒∙▒ ▒∙▒∙▒∙▒ ▒


You could see an ironheart preserver, an ettin and an ogre.

Vanquished Creatures
  Rupert (D:14)
  3 deep elf blademasters
  2 deep elf master archers (Elf:3)
  3 thorn hunters
  A frost giant (IceCv)
  Maud (D:14)
  An orc warlord (Orc:4)
  3 deep elf sorcerers (Elf:3)
  A fire giant (D:14)
  3 ghouls
  An ironheart preserver (Vaults:1)
  4 deep elf annihilators (Elf:3)
  11 deep elf demonologists
  3 deep elf death magi (Elf:3)
  A minotaur (Lab)
  2 deep elf high priests (Elf:3)
  2 great orbs of eyes
  An ogre mage (D:15)
  Josephine (Lair:5)
  A fire dragon (Lair:8)
  A catoblepas (D:13)
  3 ice dragons
  11 alligators
  15 hydras
  17 dancing weapons
  2 ghost crabs
  2 deep troll shamans (Vaults:1)
  A death yak (Lair:3)
  4 orc high priests
  17 deep elf knights
  4 skeletal warriors
  3 unseen horrors
  2 spriggan druids
  A necromancer (Vaults:1)
  2 lindwurms
  A deep troll (Vaults:1)
  10 swamp dragons
  2 harpies
  16 deep elf summoners
  7 hill giants
  5 shambling mangroves
  3 orc knights
  A wizard (D:15)
  3 wolf spider zombies (D:15)
  A wolf spider (Lair:8)
  3 manticores
  11 deep elf conjurers
  3 griffons
  5 orc sorcerers
  A guardian serpent (Lair:8)
  14 elephants
  8 centaur zombies
  5 hornets
  23 ugly things
  A vault sentinel (Vaults:1)
  A guardian serpent (shapeshifter) (D:14)
  3 cyclopes
  7 black mambas
  26 spiny frogs
  A torpor snail (Lair:3)
  A gargoyle (D:12)
  5 kobold demonologists
  2 yaktaurs (Vaults:1)
  2 fire drakes
  2 efreet
  8 komodo dragons
  A redback zombie (D:15)
  2 guardian mummies
  A tengu conjurer (D:14)
  7 trolls
  19 polar bears
  A queen bee (Lair:3)
  7 deep elf priests
  3 giant leeches (Swamp:2)
  2 freezing wraiths
  A two-headed ogre (shapeshifter) (D:15)
  32 blink frogs
  3 hornet zombies
  3 shadows
  A sphinx simulacrum (Vaults:1)
  2 two-headed ogres
  11 bog bodies
  9 slime creatures (Swamp:2)
  2 boulder beetles
  5 spriggans
  A trapdoor spider (D:15)
  Sigmund (D:3)
  A wyvern (Lair:8)
  7 wraiths
  A human (D:12)
  40 yaks
  22 deep elf magi
  4 basilisks
  29 deep elf fighters
  A hog (shapeshifter) (D:14)
  An elf zombie (Vaults:1)
  A basilisk (shapeshifter) (D:14)
  14 vampire mosquitoes
  15 hippogriffs
  5 hungry ghosts
  28 wolves
  2 steam dragons (Lair:8)
  15 insubstantial wisps
  Edmund (D:6)
  4 mottled dragons
  21 swamp worms
  5 wargs
  26 water moccasins
  38 orc warriors
  A deep troll zombie (Vaults:1)
  7 ice beasts
  5 porcupines
  Duvessa (D:7)
  6 spiders (Lair:8)
  A sky beast (D:12)
  An eye of draining (D:8)
  2 centaurs
  A black bear (D:11)
  12 wasps
  19 swamp drakes
  A necrophage (D:12)
  15 ogres
  3 phantoms
  3 boggarts (Vaults:1)
  6 big kobolds
  2 elf skeletons
  14 giant frogs
  16 crocodiles
  2 wyvern zombies
  2 wyvern skeletons (D:12)
  6 scorpions
  2 electric eels
  43 killer bees
  6 wights
  A quasit (D:10)
  10 crimson imps
  A giant frog zombie (D:12)
  9 jellies
  42 orc wizards
  A giant frog skeleton (D:8)
  27 orc priests
  4 centaur skeletons
  12 iguanas
  An iron imp (Orc:1)
  6 human zombies (D:13)
  12 worker ants
  5 hounds
  19 sheep
  5 mummies
  38 river rats
  23 adders
  8 gnolls (D:2)
  2 shadow imps
  13 white imps
  3 oozes
  3 adder skeletons
  An adder zombie (D:5)
  3 giant geckos
  205 orcs
  5 bats
  5 giant cockroaches
  7 goblins
  12 hobgoblins
  18 jackals
  4 quokkas
  2 giant newts
  27 kobolds
  An orc skeleton (D:13)
  A quokka zombie (D:5)
  8 rats
  2 crawling corpses (Elf:2)
  5 plants
1435 creatures vanquished.

Vanquished Creatures (others)
  A fire drake (Lair:8)
  2 polar bears (IceCv)
  A spriggan (Swamp:3)
  2 yaks
  A swamp worm (Swamp:3)
  A wolf (IceCv)
  2 wasps
  An iguana (Lair:8)
  2 orcs (Orc:3)
  11 briar patches (Swamp:2)
  20 fungi
  21 plants
65 creatures vanquished.

Grand Total: 1500 creatures vanquished

Notes
Turn   | Place    | Note
--------------------------------------------------------------
     0 | D:1      | Beldrama the Gargoyle Fighter began the quest for the Orb.
     0 | D:1      | Reached XP level 1. HP: 14/14 MP: 1/1
   127 | D:1      | Reached XP level 2. HP: 16/19 MP: 2/2
   453 | D:1      | Gained mutation: You are clumsy. (Dex -2) [potion of mutation]
   453 | D:1      | Gained mutation: Your spells are a little easier to cast, but a little less powerful. [potion of mutation]
   453 | D:1      | Gained mutation: Your magical capacity is low (-10% MP). [potion of mutation]
   529 | D:1      | Reached skill level 4 in Armour
   700 | D:2      | Reached XP level 3. HP: 23/23 MP: 2/2
   713 | D:2      | Reached XP level 4. HP: 10/28 MP: 3/3
  1094 | D:2      | Reached XP level 5. HP: 32/32 MP: 4/4
  1100 | D:2      | Found a faded altar to an unknown god.
  1697 | D:3      | Reached skill level 5 in Armour
  1721 | D:3      | Noticed Sigmund
  1742 | D:3      | Killed Sigmund
  1742 | D:3      | Reached skill level 5 in Maces & Flails
  1742 | D:3      | Reached XP level 6. HP: 32/37 MP: 5/5
  2223 | D:3      | Found a sparkling altar of Nemelex Xobeh.
  2807 | D:4      | Reached XP level 7. HP: 37/41 MP: 6/6
  3064 | D:4      | Reached skill level 6 in Maces & Flails
  3519 | D:5      | Entered Level 5 of the Dungeon
  3628 | D:5      | Found Zodghap's General Store.
  3631 | D:5      | Bought a scroll of teleportation for 42 gold pieces
  3642 | D:5      | Found a bloodstained altar of Trog.
  3718 | D:5      | Found a staircase to the Ecumenical Temple.
  3764 | Temple   | Entered the Ecumenical Temple
  3895 | D:5      | Found a burning altar of Makhleb.
  3902 | D:5      | Found a shimmering altar of Xom.
  4646 | D:6      | Reached skill level 7 in Maces & Flails
  4861 | D:6      | Found a deep blue altar of Sif Muna.
  4869 | D:6      | Reached XP level 8. HP: 41/46 MP: 7/7
  4904 | D:6      | Noticed Edmund
  4931 | D:6      | Killed Edmund
  5432 | D:7      | Reached skill level 8 in Maces & Flails
  5551 | D:7      | Noticed Duvessa
  5551 | D:7      | Noticed Dowan
  5552 | D:7      | Found a sacrificial altar of Ru.
  5554 | D:7      | Found a radiant altar of Vehumet.
  5717 | D:7      | Killed Duvessa
  5733 | D:7      | Reached skill level 9 in Maces & Flails
  5733 | D:7      | Reached XP level 9. HP: 51/51 MP: 8/8
  5901 | D:7      | Found an opulent altar of Gozag.
  5901 | D:7      | Found a shadowy altar of Dithmenos.
  6149 | D:8      | Reached skill level 10 in Maces & Flails
  6557 | D:8      | Reached skill level 11 in Maces & Flails
  6747 | D:8      | Found an iron altar of Okawaru.
  6772 | D:8      | Became a worshipper of Warmaster Okawaru
  6935 | D:9      | Reached XP level 10. HP: 45/56 MP: 9/9
  7115 | D:9      | Found a white marble altar of Elyvilon.
  7335 | D:9      | Found a snail-covered altar of Cheibriados.
  7488 | D:9      | Reached * piety under Okawaru
  7543 | D:9      | Reached skill level 12 in Maces & Flails
  7794 | D:10     | Entered Level 10 of the Dungeon
  8127 | D:10     | Noticed a manticore
  8324 | D:11     | Found a frozen archway.
  8381 | IceCv    | Entered an ice cave
  8503 | IceCv    | Reached ** piety under Okawaru
  8503 | IceCv    | Reached skill level 13 in Maces & Flails
  8700 | IceCv    | Reached XP level 11. HP: 57/60 MP: 10/10
  8726 | IceCv    | Reached *** piety under Okawaru
  8844 | IceCv    | Reached skill level 14 in Maces & Flails
  9001 | IceCv    | Reached skill level 10 in Armour
  9243 | IceCv    | Reached **** piety under Okawaru
  9406 | IceCv    | Reached skill level 1 in Invocations
  9539 | IceCv    | Reached skill level 15 in Maces & Flails
  9601 | IceCv    | Noticed a frost giant
  9645 | IceCv    | Reached ***** piety under Okawaru
  9915 | IceCv    | Killed a frost giant
  9915 | IceCv    | Received a gift from Okawaru
  9915 | IceCv    | Reached XP level 12. HP: 34/64 MP: 3/11
 10231 | IceCv    | Got a pitted copper ring
 10233 | IceCv    | Got a steaming brass ring
 10238 | IceCv    | Identified the ring of Neseph {-Tele rF+ rC+ MP+9 Dex+4} (You found it in an ice cave)
 10240 | IceCv    | Identified the ring "Qampakei" {rPois Dex+7 SInv} (You found it in an ice cave)
 10536 | D:11     | Noticed a six-headed hydra
 10541 | D:11     | Killed a six-headed hydra
 10541 | D:11     | Received a gift from Okawaru
 10541 | D:11     | Reached skill level 16 in Maces & Flails
 10919 | D:11     | Noticed a hill giant
 10927 | D:11     | Killed a hill giant
 11019 | D:11     | Received a gift from Okawaru
 11051 | D:11     | Noticed a red ugly thing
 11063 | D:11     | Killed a red ugly thing
 11222 | D:11     | Found a staircase to the Lair.
 11691 | Lair:1   | Entered Level 1 of the Lair of Beasts
 12038 | Lair:1   | Reached skill level 17 in Maces & Flails
 12870 | Lair:3   | Found a staircase to the Snake Pit.
 13122 | Lair:3   | Noticed a seven-headed hydra
 13135 | Lair:3   | Killed a seven-headed hydra
 13202 | Lair:3   | Reached XP level 13. HP: 68/68 MP: 12/12
 13445 | Lair:3   | Reached skill level 18 in Maces & Flails
 13499 | Lair:3   | Received a gift from Okawaru
 13767 | Lair:3   | Noticed a death yak
 13773 | Lair:3   | Killed a death yak
 14319 | Lair:4   | Found a staircase to the Swamp.
 14551 | Lair:4   | Reached ****** piety under Okawaru
 14593 | Lair:4   | Received a gift from Okawaru
 14605 | Lair:4   | Lost mutation: Your spells are a little easier to cast, but a little less powerful. [potion of beneficial mutation]
 15038 | Lair:5   | Reached skill level 19 in Maces & Flails
 15790 | Lair:5   | Noticed Josephine
 15798 | Lair:5   | Killed Josephine
 15980 | Lair:6   | Found a staircase to the Slime Pits.
 16065 | Lair:6   | Gained mutation: Your large and strong wings let you fly indefinitely. [Gargoyle growth]
 16065 | Lair:6   | Reached XP level 14. HP: 70/74 MP: 13/13
 16647 | Lair:6   | Received a gift from Okawaru
 16913 | Lair:7   | Found a labyrinth entrance.
 16923 | Lab      | Entered a labyrinth
 17385 | Lab      | Identified the Catalogue of Confrontation and Feathers
 18190 | Lair:8   | Entered Level 8 of the Lair of Beasts
 18213 | Lair:7   | Reached skill level 20 in Maces & Flails
 19507 | Lair:8   | Reached skill level 21 in Maces & Flails
 19534 | Lair:8   | Received a gift from Okawaru
 20013 | Lair:8   | Reached XP level 15. HP: 78/78 MP: 14/14
 20519 | D:12     | Received a gift from Okawaru
 20571 | D:12     | Found a staircase to the Orcish Mines.
 21513 | D:12     | Got a slimy glass ring
 21515 | D:12     | Identified a ring "Ruromputs" {Str+2 Int+5 Slay-3 Stlth+} (You found it on level 12 of the Dungeon)
 21786 | Orc:1    | Entered Level 1 of the Orcish Mines
 21944 | Orc:2    | Found a roughly hewn altar of Beogh.
 22153 | Orc:1    | Reached skill level 22 in Maces & Flails
 22499 | Orc:1    | Got an encrusted hat
 22501 | Orc:1    | Got an ichor-stained hat
 22514 | Orc:1    | Identified the +0 hat of Bautwuf {rF++ SInv} (You found it on level 1 of the Orcish Mines)
 22524 | Orc:1    | Identified the +2 hat of Servitude {Int+7 Dex-5} (You found it on level 1 of the Orcish Mines)
 24153 | Orc:4    | Entered Level 4 of the Orcish Mines
 24153 | Orc:4    | Found a roughly hewn altar of Beogh.
 24204 | Orc:4    | Found a staircase to the Elven Halls.
 24727 | Orc:4    | Received a gift from Okawaru
 24869 | Orc:4    | Found a roughly hewn altar of Beogh.
 24925 | Orc:4    | Found a roughly hewn altar of Beogh.
 25043 | Orc:4    | Found a roughly hewn altar of Beogh.
 25070 | Orc:4    | Found a roughly hewn altar of Beogh.
 25122 | Orc:4    | Found a roughly hewn altar of Beogh.
 25124 | Orc:4    | Found Xoulitug's Armour Shop.
 25385 | Orc:4    | Found a roughly hewn altar of Beogh.
 25390 | Orc:4    | Found a roughly hewn altar of Beogh.
 25450 | Orc:4    | Found a roughly hewn altar of Beogh.
 25464 | Orc:4    | Found Nabucuco's Antique Weapon Emporium.
 25471 | Orc:4    | Bought a great mace for 182 gold pieces
 25641 | Orc:4    | Found Vofym's Antique Armour Shop.
 25642 | Orc:4    | Found a roughly hewn altar of Beogh.
 25643 | Orc:4    | Found Coxenise's Antique Weapon Boutique.
 25897 | D:13     | Lost mutation: Your magical capacity is low (-10% MP). [potion of cure mutation]
 25897 | D:13     | Lost mutation: You are clumsy. (Dex -2) [potion of cure mutation]
 25996 | D:13     | Found an ancient bone altar of Kikubaaqudgha.
 26624 | D:14     | Noticed Rupert
 26632 | D:14     | Killed Rupert
 26700 | D:14     | Noticed Maud
 26712 | D:14     | Killed Maud
 26809 | D:14     | Found a runed door.
 26847 | D:14     | Reached skill level 23 in Maces & Flails
 26871 | D:14     | Reached XP level 16. HP: 83/83 MP: 16/16
 27225 | D:14     | Found Wasej's Quality Used Wands.
 27359 | D:14     | Found a portal to a secret trove of treasure.
 27458 | D:14     | Found a gate to the Vaults.
 27462 | D:14     | Identified a scroll of acquirement
 27536 | D:14     | Noticed a fire giant
 27553 | D:14     | Killed a fire giant
 27582 | D:14     | Got a glittering marble ring
 27593 | D:14     | Identified the ring of Laroloh {rF+ rC+ rN++ Int-2} (You found it on level 14 of the Dungeon)
 27611 | D:15     | Entered Level 15 of the Dungeon
 27703 | D:15     | Received a gift from Okawaru
 28359 | Swamp:1  | Entered Level 1 of the Swamp
 29142 | Swamp:2  | Reached skill level 24 in Maces & Flails
 29932 | Swamp:2  | Noticed a thorn hunter
 29951 | Swamp:2  | Killed a thorn hunter
 29964 | Swamp:2  | Noticed a thorn hunter
 29979 | Swamp:2  | Killed a thorn hunter
 30743 | Swamp:3  | Received a gift from Okawaru
 30754 | Swamp:3  | Got a pair of twisted boots {god gift}
 30765 | Swamp:3  | Identified the +0 pair of boots of the Pleiades {rF+ MR+} (Okawaru gifted it to you on level 3 of the Swamp)
 31058 | Swamp:3  | Reached XP level 17. HP: 87/87 MP: 17/17
 31383 | Swamp:4  | Entered Level 4 of the Swamp
 31491 | Swamp:4  | Reached skill level 25 in Maces & Flails
 31773 | Swamp:4  | Got a decaying rune of Zot
 32741 | D:15     | Received a gift from Okawaru
 32782 | D:14     | HP: 4/87 [ghoul (11)]
 33441 | D:15     | Found a staircase to the Depths.
 34101 | D:15     | Reached skill level 26 in Maces & Flails
 34173 | Vaults:1 | Entered Level 1 of the Vaults
 34329 | Vaults:1 | Reached XP level 18. HP: 92/92 MP: 18/18
 34722 | Elf:1    | Entered Level 1 of the Elven Halls
 34816 | Elf:1    | Found Caku Ett's Antique Armour Shop.
 35401 | Elf:1    | Received a gift from Okawaru
 35496 | Elf:1    | Identified Hunnouc's Volume of Companions
 36031 | Elf:2    | Found Dail's Armour Emporium.
 36195 | Elf:2    | Found a runed gate.
 36195 | Elf:2    | Found a runed gate.
 36196 | Elf:2    | Found a runed gate.
 36366 | Elf:2    | Found Utyrhill's Book Shoppe.
 36383 | Elf:2    | Found Koeblaol's Distillery.
 36404 | Elf:2    | Bought a potion of curing for 33 gold pieces
 36404 | Elf:2    | Bought a potion of haste for 110 gold pieces
 36404 | Elf:2    | Bought a potion of curing for 33 gold pieces
 36404 | Elf:2    | Bought a potion of heal wounds for 55 gold pieces
 36404 | Elf:2    | Bought a potion of curing for 33 gold pieces
 37559 | Elf:2    | Reached skill level 27 in Maces & Flails
 38095 | Elf:2    | Received a gift from Okawaru
 38323 | Elf:3    | Entered Level 3 of the Elven Halls
 38947 | Elf:3    | Got a faintly glowing cloak
 38990 | Elf:3    | Identified the cursed +0 cloak of Efoir {+Fly rN+ MR+} (You found it on level 3 of the Elven Halls)
 39167 | Elf:3    | Reached skill level 5 in Fighting
 40032 | Elf:3    | Noticed an Ice Fiend
 40106 | Elf:3    | Noticed a Hell Sentinel
 40339 | Elf:3    | Got a fine plate armour
 40347 | Elf:3    | Identified the +6 plate armour of Mental Paralysis {rF- MR+ Str+5} (You took it off a deep elf high priest on level 3 of the Elven Halls)
 40529 | Elf:3    | Reached XP level 19. HP: 102/102 MP: 19/19
 40541 | Elf:3    | Noticed a Brimstone Fiend
 41488 | Elf:3    | Reached skill level 15 in Armour
 41534 | Elf:3    | Got a smoking lapis lazuli ring
 41578 | Elf:3    | Identified Olgreb's Tome of Toxins and Confrontation (You found it on level 3 of the Elven Halls)
 41597 | Elf:3    | Got a warped plate armour
 41609 | Elf:3    | Identified the +7 plate armour of Lez Licupty {rPois} (You found it on level 3 of the Elven Halls)
 41632 | Elf:3    | Got a serpentine platinum ring
 41635 | Elf:3    | Identified the ring of the Wild Haggis {rF+ Dex+3 Slay+2 Stlth+} (You found it on level 3 of the Elven Halls)
 41637 | Elf:3    | Identified the ring "Xulytt" {rElec rPois Str+3 Int+3 Stlth-} (You found it on level 3 of the Elven Halls)
 42064 | D:14     | Slain by an ettin

Action                   |  1- 3 |  4- 6 |  7- 9 | 10-12 | 13-15 | 16-18 | 19-21 || total
-------------------------+-------+-------+-------+-------+-------+-------+-------++-------
Melee: Flail             |    50 |   240 |   446 |   661 |   243 |       |       ||  1640
       Morningstar       |       |       |       |       |  1608 |       |       ||  1608
       Great mace        |       |       |       |       |   233 |  2138 |   188 ||  2559
Invok: Heroism           |       |       |       |     4 |     3 |     8 |     1 ||    16
       Finesse           |       |       |       |     1 |       |     2 |     2 ||     5
 Abil: Fly               |       |       |       |       |     2 |     5 |       ||     7
       Stop Flying       |       |       |       |       |     1 |       |       ||     1
Evoke: Wand              |       |       |     4 |     5 |     2 |     1 |     1 ||    13
  Use: Potion            |     2 |     5 |     3 |     5 |     8 |     9 |     1 ||    33
       Scroll            |     2 |     7 |     6 |     8 |    13 |    15 |     5 ||    56
 Stab: Invisible         |       |       |     1 |       |       |       |       ||     1
       Confused          |       |       |       |       |     5 |     1 |       ||     6
  Eat: Chunk             |       |     6 |    10 |    14 |    26 |     8 |       ||    64
       Bread ration      |       |     1 |       |       |     2 |       |       ||     3
       Fruit             |       |       |     2 |     1 |    21 |    13 |       ||    37
       Pizza             |       |       |       |     2 |     5 |     2 |       ||     9
       Beef jerky        |       |       |       |     1 |     1 |     7 |       ||     9
       Royal jelly       |       |       |       |     1 |       |     9 |     4 ||    14
       Meat ration       |       |       |       |       |     1 |       |       ||     1
